 Dungeon Crawl Stone Soup version 0.29-a0-892-g2c4c91d9db (webtiles) character file.

Game seed: 7239466078901171390

21 reriks the Trooper (level 2, 0/19 HPs)
             Began as a Gargoyle Fighter on July 23, 2022.
             Slain by an orc
             ... wielding a +1 vorpal trident
              (1 damage)
             ... on level 5 of the Dungeon.
             The game lasted 00:01:52 (1015 turns).

reriks the Trooper (Gargoyle Fighter)               Turns: 1015, Time: 00:01:52

Health: 0/19       AC:  9    Str: 19    XL:     2   Next: 87%
Magic:  2/2        EV:  9    Int:  8    God:
Gold:   53         SH:  4    Dex:  9    Spells: 1/1 levels left

rFire   . . .      SeeInvis .   a - +0 flail
rCold   . . .      Faith    .   c - +0 buckler
rNeg    + . .      Spirit   .   b - +0 scale mail
rPois   ∞          Reflect  .   (no helmet)
rElec   +          Harm     .   (no cloak)
rCorr   .          Rampage  .   (no gloves)
Will    .....                   (no boots)
Stlth   ..........              (no amulet)
HPRegen 0.06/turn               (no ring)
MPRegen 0.08/turn               (no ring)

@: mighty
A: sickness immunity, AC +2, negative energy resistance 1, electricity
resistance, torment resistance 1, petrification resistance
a: no special abilities


You were on level 5 of the Dungeon.
You visited 1 branch of the dungeon, and saw 4 of its levels.

You collected 53 gold pieces.

Inventory:

Hand Weapons
 a - a +0 flail (weapon)
Armour
 b - a +0 scale mail (worn)
 c - a +0 buckler (worn)
Jewellery
 j - an amulet of regeneration
Scrolls
 e - a scroll of immolation {unknown}
 f - a scroll of magic mapping {unknown}
 g - a scroll of noise
 h - a scroll of enchant weapon {unknown}
 k - a scroll of identify {unknown}
 l - a scroll of amnesia {unknown}


   Skills:
 + Level 3.5 Fighting
 * Level 2.5 Maces & Flails
 + Level 3.5 Armour
 + Level 3.5 Shields


You had one spell level left.
You didn't know any spells.
Your spell library was empty.

Dungeon Overview and Level Annotations

Branches:
Dungeon (5/15)
 Temple: D:4-7

Altars:


Innate Abilities, Weirdness & Mutations

You are immune to sickness and miasma.
Your stone body is resilient. (AC +2)
You are immune to poison.
You resist negative energy. (rN+)
You are resistant to electric shocks. (rElec)
You are resistant to unholy torment.
You are immune to petrification.


Message History

There is a stone staircase leading down here.
You climb downwards.
There is a stone staircase leading up here.
Found a scroll labelled NIM FAITI ZEUKH.
Found a long sword.
An orc comes into view. It is wielding a +1 vorpal trident.
You see here a +0 long sword.
The orc closely misses you.
You barely miss the orc.
The orc hits you with a +1 vorpal trident.
You barely miss the orc. The orc completely misses you.
You hit the orc.
The orc is moderately wounded.
The orc hits you with a +1 vorpal trident.
You hit the orc but do no damage.
The orc is moderately wounded.
You block the orc's attack. The orc hits you but does no damage.
You closely miss the orc.
The orc is moderately wounded.
You block the orc's attack.
You closely miss the orc.
The orc is moderately wounded.
You block the orc's attack.
You hit the orc.
The orc is heavily wounded.
The orc hits you with a +1 vorpal trident. x2
* * * LOW HITPOINT WARNING * * *
x2 You completely miss the orc.
The orc is heavily wounded.
You block the orc's attack.
It was a potion of invisibility.
You fade into invisibility!
The orc closely misses you.
You flicker for a moment.
The orc sings a few bars from the Orcish anthem.
You flicker back into view.
You feel very mighty all of a sudden.
The orc hits you with a +1 vorpal trident.
* * * LOW HITPOINT WARNING * * *
You die...

#...# #.#.# #.#.# #.#o#
#.#.# #.#.# #.#.# #o#.#
#@#.# ########.#.#
#........#.# .#
...#####.########.## ###.#
..............o....###...#
...#####.########....)..#
#.# ##.###### #.# #.###
#.# ##.# #...# #.#


You could see an orc.

Vanquished Creatures
  An endoplasm (D:1)
  3 giant cockroaches (D:1)
  3 goblins (D:1)
  A hobgoblin (D:1)
  3 quokkas (D:1)
  A ball python (D:1)
  A bat (D:1)
  A frilled lizard (D:1)
  2 kobolds (D:1)
  3 rats (D:1)
19 creatures vanquished.

Notes
Turn   | Place    | Note
-------+----------+-------------------------------------------
     0 | D:1      | reriks the Gargoyle Fighter began the quest for the Orb.
     0 | D:1      | Reached XP level 1. HP: 14/14 MP: 1/1
   139 | D:1      | Reached XP level 2. HP: 16/19 MP: 2/2
   845 | D:2      | You fall into a shaft and drop 2 floors!
   848 | D:4      | Noticed a howler monkey
   860 | D:4      | Noticed a scorpion
   861 | D:5      | Entered Level 5 of the Dungeon
  1015 | D:5      | Slain by an orc

Illustrated notes

Levels and vault maps discovered:
D:1:      scummos_arrival_hexagon, layout_loops_cross,
          minmay_misc_feat_secret_circle
D:2:      layout_rooms, nicolae_concentric_dashed_squares_wild
D:4:      layout_loops_ring, dk_rats_in_the_wall, uniq_robin, uniq_natasha,
          uniq_eustachio
D:5:      layout_loops_ring, kennysheep_donut

Action                   || total
-------------------------++-------
Melee: Flail             ||    79
  Use: Potion            ||     2
       Scroll            ||     1
Armor: Scale mail        ||    43
Dodge: Dodged            ||    31
Block: Buckler           ||    18

Table legend: (Time is in decaauts)
 A = Elapsed time spent in this place.
 B = Non-inter-level travel time spent in this place.
 C = Inter-level travel time spent in this place.
 D = Time resting spent in this place.
 E = Time spent auto-exploring this place.
 F = Levels seen in this place.
 G = Mean time per level.
                   A        B        C        D        E       F      G
               +--------+--------+--------+--------+--------+-----+--------+
         Total |   1040 |   1008 |     32 |     79 |    611 |   4 |  260.0 |
       Dungeon |   1040 |   1008 |     32 |     79 |    611 |   4 |  260.0 |
               +--------+--------+--------+--------+--------+-----+--------+

Top non-repeatable levels by time:
     D:1: 867 daAuts
     D:5: 156 daAuts
     D:4: 15 daAuts
     D:2: 0 daAuts
